Map: Complejo de Industrias Wolfe

Players

Shadowphobia - Winner!

  • Race: Protoss Protoss
  • Spawn Location: 3:00

xXkazperXx - Winner!

  • Race: Terran Terran
  • Spawn Location: 12:00

RANURA DE IA (Fácil)

  • Race: Protoss Protoss
  • Spawn Location: 7:00

RANURA DE IA (Fácil)

  • Race: Zerg Zerg
  • Spawn Location: 7:00

VOD

Have the link to the VOD?

Description

Time

  • Played on: Nov. 26, 2015, 10:32 p.m.
  • Length: 21:28
Show
View Real Time Build Order
Export as new Build Order

Shadowphobia Protoss - Winner!

Build Orders:  

Get SALT Encoding   

  12  0:04  Probe (Chrono Boost)  
  13  0:17  Pylon  
  13  0:23  Assimilator  
  13  0:26  Probe (Chrono Boost)  
  14  0:38  Pylon  
  14  0:41  Probe (Chrono Boost)  
  15  0:52  Probe (Chrono Boost)  
  16  0:58  Assimilator  
  16  1:02  Probe (Chrono Boost)  
  17  1:13  Probe (Chrono Boost)  
  17  1:17  Gateway  
  18  1:23  Probe (Chrono Boost)  
  19  1:34  Probe (Chrono Boost)  
  20  1:43  Forge  
  20  1:44  Probe (Chrono Boost)  
  21  1:55  Pylon, Probe (Chrono Boost)  
  22  2:05  Probe (Chrono Boost)  
  22  2:07  Gateway  
  23  2:14  Zealot  
  25  2:29  Cybernetics Core  
  25  2:38  Photon Cannon  
  25  2:57  Photon Cannon  
  25  3:06  Gateway  
  25  3:08  Gateway  
  25  3:17  Twilight Council  
  25  3:29  Protoss Shields Level 1  
  25  3:57  Nexus  
  25  4:01  Assimilator  
  25  4:06  Assimilator  
  25  4:28  Warp Gate  
  25  4:33  Templar Archives  
  25  4:44  Stargate  
  25  4:57  Gateway x2  
  25  5:02  Pylon  
  25  5:04  Pylon  
  25  5:07  Pylon  
  25  5:11  Pylon  
  25  5:12  Probe (Chrono Boost)  
  26  5:20  Mothership Core (Chrono Boost)  
  28  5:22  Probe (Chrono Boost)  
  29  5:33  Probe (Chrono Boost)  
  30  5:42  Probe (Chrono Boost)  
  30  5:47  Charge (Chrono Boost)  
  31  5:52  Probe  
  32  6:03  Probe  
  33  6:13  Probe  
  33  6:14  Gateway x2  
  33  6:18  Gateway  
  34  6:24  Probe  
  35  6:34  Probe  
  36  6:43  Gateway  
  36  6:55  Probe  
  36  6:56  Gateway  
  36  6:57  Gateway  
  37  7:06  Probe  
  38  7:15  Resonating Glaives (Chrono Boost)  
  38  7:21  Adept x3  
  38  7:22  Adept  
  46  7:26  Zealot x2  
  46  7:27  Zealot x3  
  60  8:09  Probe  
  61  8:20  Probe  
  61  8:24  Void Ray  
  62  8:30  Probe  
  62  8:31  Pylon  
  63  8:41  Probe  
  63  8:43  Blink (Chrono Boost)  
  64  8:51  Probe  
  65  8:59  Adept x2  
  65  9:00  Adept x3  
  65  9:01  Adept  
  77  9:02  Zealot  
  77  9:03  Zealot x2  
  77  9:04  Zealot  
  77  9:05  Pylon  
  77  9:07  Void Ray  
  89  9:40  Nexus  
  89  9:50  Void Ray  
  89  9:51  Assimilator  
  93  9:53  Assimilator  
  93  10:17  Nexus  
  93  10:19  Assimilator  
  93  10:24  Assimilator  
  93  10:32  Void Ray  
  97  10:41  Pylon  
  97  10:55  Probe  
  98  11:06  Probe  
  99  11:12  Adept  
  99  11:13  Adept x2  
  99  11:14  Adept x3  
  99  11:16  Zealot  
  99  11:17  Probe, Zealot x3  
  99  11:18  Zealot x2  
  124  11:27  Probe  
  124  11:28  Void Ray  
  129  11:38  Probe  
  130  11:46  Pylon  
  130  11:48  Probe  
  130  11:50  Pylon  
  130  11:54  Pylon  
  131  11:59  Probe  
  131  12:00  Pylon  
  133  12:03  Pylon  
  133  12:08  Pylon  
  133  12:09  Probe  
  133  12:11  Void Ray  
  138  12:17  Probe  
  138  12:23  Fleet Beacon  
  138  12:27  Probe  
  139  12:31  Probe  
  140  12:38  Probe  
  140  12:41  Probe  
  140  12:43  Adept  
  140  12:44  Adept x2  
  146  12:45  Adept x2  
  146  12:46  Adept x2  
  146  12:47  Adept x2  
  146  12:48  Adept  
  146  12:49  Probe  
  163  12:51  Zealot  
  163  12:52  Probe  
  163  12:54  Zealot, Void Ray  
  170  12:59  Probe  
  170  13:03  Probe  
  172  13:10  Probe, Graviton Catapult  
  173  13:13  Probe  
  174  13:35  Probe  
  174  13:37  Void Ray  
  179  13:45  Probe  
  180  13:56  Probe  
  181  14:09  Probe  
  182  14:19  Void Ray  
  186  14:36  Pylon  
  186  14:39  Pylon  
  186  14:41  Pylon  
  186  14:44  Pylon  
  192  15:16  Tempest  
  196  15:55  Protoss Air Weapons Level 1  
  196  16:09  Protoss Ground Weapons Level 1 (Chrono Boost)  
  196  16:11  Anion Pulse-Crystals  
  196  16:29  Tempest  
  200  17:34  Protoss Air Armor Level 1  
  180  17:52  Protoss Ground Armor Level 1 (Chrono Boost)  
  174  19:31  Protoss Shields Level 2 (Chrono Boost)  
Show
View Real Time Build Order
Export as new Build Order

xXkazperXx Terran - Winner!

Build Orders:  

Get SALT Encoding   

  12  0:02  SCV  
  13  0:14  Refinery  
  13  0:29  Supply Depot  
  13  0:34  SCV  
  14  0:47  SCV  
  15  0:53  Refinery  
  15  0:59  SCV  
  16  1:19  Supply Depot  
  16  1:42  Barracks  
  16  1:51  SCV  
  17  2:03  SCV  
  18  2:15  SCV  
  19  2:27  SCV  
  20  2:34  Marine  
  21  2:40  SCV  
  21  2:41  Factory  
  22  2:52  SCV, Marine  
  22  2:57  Supply Depot  
  23  3:07  SCV  
  23  3:10  Marine  
  25  3:19  SCV  
  26  3:20  Supply Depot  
  26  3:26  Supply Depot, Command Center  
  26  3:27  Marine  
  26  3:33  Factory Reactor  
  27  3:45  Marine  
  28  3:52  Barracks  
  28  4:04  SCV  
  29  4:11  Starport  
  29  4:16  SCV  
  34  4:17  Hellion x2  
  34  4:37  Barracks Tech Lab  
  34  4:49  Starport  
  34  4:59  Marauder  
  36  5:14  Viking, Barracks Reactor  
  36  5:21  Marauder  
  40  5:42  Marauder  
  42  5:44  Viking  
  44  6:01  Marine x2  
  44  6:03  Marauder  
  48  6:14  Viking  
  50  6:19  Marine x2  
  52  6:37  Marine x2  
  54  6:44  Medivac, Viking  
  58  6:54  Marine  
  58  6:55  Marine  
  60  7:08  SCV  
  61  7:14  Orbital Command, Medivac, Viking  
  65  7:20  SCV  
  66  7:30  Factory  
  66  7:32  SCV  
  67  7:44  Medivac, SCV  
  70  8:00  Stimpack  
  70  8:06  Supply Depot  
  70  8:16  Barracks  
  70  8:28  SCV  
  70  8:29  Supply Depot  
  71  8:40  SCV  
  72  8:52  SCV  
  72  8:53  Supply Depot  
  73  9:03  Barracks  
  73  9:04  SCV  
  73  9:09  Command Center  
  74  9:16  SCV, Supply Depot  
  75  9:18  Starport Tech Lab  
  75  9:19  Starport Tech Lab  
  75  9:24  Factory Tech Lab  
  75  9:28  SCV  
  75  9:29  Marine x3  
  79  9:47  Marine x3  
  82  9:56  Siege Tank  
  85  10:05  Marine x3  
  88  10:10  Armory  
  88  10:22  Marine x2  
  88  10:23  Marine  
  88  10:26  SCV  
  88  10:28  Siege Tank  
  95  10:36  Orbital Command  
  95  10:39  SCV  
  95  10:40  Marine  
  97  10:51  SCV  
  98  11:00  Siege Tank  
  98  11:03  SCV  
  102  11:09  Command Center  
  102  11:15  SCV  
  102  11:16  Command Center  
  103  11:26  Supply Depot  
  103  11:32  Siege Tank  
  106  11:35  Marauder  
  106  11:37  Marine x4  
  112  11:49  Supply Depot  
  112  11:54  Marine x3  
  112  11:57  Marauder  
  117  12:04  Siege Tank  
  117  12:07  Orbital Command  
  120  12:11  Supply Depot  
  120  12:18  Marauder  
  122  12:34  Supply Depot  
  122  12:36  Thor  
  128  12:40  Marauder  
  130  12:47  SCV  
  130  12:51  Refinery  
  129  12:59  SCV  
  129  13:01  Marauder  
  129  13:04  Refinery  
  132  13:06  Refinery  
  132  13:11  SCV  
  133  13:19  Thor  
  139  13:23  SCV  
  140  13:31  SCV  
  141  13:35  SCV  
  142  13:44  SCV  
  143  13:50  SCV  
  144  13:56  SCV  
  144  14:01  Marine x4  
  144  14:02  SCV  
  150  14:08  SCV  
  152  14:19  Marine x4  
  152  14:20  SCV  
  157  14:36  SCV, Marine  
  157  14:37  Marine x3  
  161  14:48  SCV  
  162  14:54  Marine x4  
  166  15:00  SCV  
  167  15:12  Marine x2  
  169  15:19  SCV  
  170  15:25  SCV  
  171  15:29  Refinery  
  171  15:31  SCV  
  172  15:37  SCV  
  173  16:11  Siege Tank  
  173  16:16  Hellion  
  173  16:17  Marine  
  179  16:27  Supply Depot  
  179  16:44  Marine  
  179  16:45  Marine x2  
  179  16:46  Hellion, Marine  
  179  16:48  Hellion, Siege Tank  
  181  17:02  Marine  
  181  17:03  Marine x2  
  181  17:04  Marine  
  181  17:07  Hellion  
  187  19:50  Supply Depot  
  187  20:12  Hellion, SCV, Marine x3  
  193  20:14  Supply Depot  
  193  20:24  SCV  
  194  20:35  Siege Tank  
  194  20:36  SCV, Supply Depot  
  198  20:48  SCV  
  199  21:00  SCV, Supply Depot  
Show
View Real Time Build Order
Export as new Build Order

RANURA DE IA (Fácil) Protoss 

Build Orders:  

Get SALT Encoding   

  12  0:01  Probe (Chrono Boost)  
  13  0:11  Probe (Chrono Boost)  
  14  0:22  Pylon, Probe (Chrono Boost)  
  15  0:40  Probe (Chrono Boost)  
  16  0:45  Assimilator  
  16  0:51  Gateway  
  16  0:55  Pylon  
  16  1:19  Assimilator  
  16  1:37  Zealot  
  16  1:43  Cybernetics Core  
  18  2:07  Pylon  
  18  2:11  Probe (Chrono Boost)  
  18  2:14  Warp Gate  
  19  2:18  Stalker  
  22  2:23  Probe (Chrono Boost)  
  22  2:34  Probe (Chrono Boost)  
  23  2:45  Probe (Chrono Boost)  
  24  2:52  Adept  
  24  2:57  Probe (Chrono Boost)  
  27  3:08  Probe (Chrono Boost)  
  28  3:22  Stalker  
  30  3:54  Adept  
  32  6:51  Stalker, Probe (Chrono Boost)  
  35  6:56  Pylon  
  35  7:02  Probe (Chrono Boost)  
  35  7:04  Nexus  
  36  7:16  Robotics Facility  
  36  7:17  Stalker  
  36  7:22  Pylon  
  38  7:43  Sentry  
  30  8:02  Observer  
  31  8:09  Stalker  
  33  8:18  Probe (Chrono Boost)  
  34  8:21  Probe (Chrono Boost)  
  34  8:23  Observer  
  36  8:28  Probe (Chrono Boost)  
  36  8:31  Assimilator  
  36  8:32  Probe (Chrono Boost)  
  36  8:33  Assimilator  
  38  8:35  Adept  
  38  8:40  Probe (Chrono Boost)  
  41  8:43  Probe (Chrono Boost)  
  42  8:51  Probe (Chrono Boost)  
  42  8:54  Probe (Chrono Boost)  
  44  9:00  Zealot  
  44  9:01  Probe (Chrono Boost)  
  47  9:05  Probe (Chrono Boost)  
  48  9:12  Probe (Chrono Boost)  
  48  9:15  Probe (Chrono Boost)  
  50  9:23  Probe (Chrono Boost)  
  51  9:26  Stalker, Probe (Chrono Boost)  
  54  9:34  Probe (Chrono Boost)  
  54  9:37  Probe (Chrono Boost)  
  57  9:45  Probe (Chrono Boost)  
  57  9:47  Probe (Chrono Boost)  
  58  9:56  Probe (Chrono Boost)  
  58  9:58  Probe (Chrono Boost)  
  60  10:06  Probe (Chrono Boost)  
  61  10:08  Probe (Chrono Boost)  
  62  12:07  Adept, Warp Prism  
  66  12:11  Gateway  
  66  12:14  Nexus, Forge  
  66  12:19  Robotics Bay  
  66  12:23  Stargate  
  66  12:26  Pylon  
  66  12:38  Adept  
  66  12:41  Protoss Ground Weapons Level 1  
  66  12:42  Warp Prism  
  70  12:49  Pylon  
  66  12:56  Adept  
  58  13:00  Gateway  
  58  13:03  Observer Gravitic Boosters  
  58  13:11  Zealot  
  60  13:16  Observer  
  61  13:25  Adept  
  63  13:30  Probe (Chrono Boost)  
  65  13:34  Probe (Chrono Boost), Assimilator  
  65  13:36  Immortal  
  65  13:37  Probe (Chrono Boost)  
  65  13:38  Assimilator  
  71  13:41  Probe (Chrono Boost)  
  71  13:57  Gravitic Drive  
  71  14:27  Protoss Ground Armor Level 1  
  71  14:59  Stalker  
  73  15:13  Zealot  
  75  15:28  Stalker  
  77  15:34  Protoss Air Weapons Level 1  
  77  15:40  Phoenix  
  79  15:46  Twilight Council  
  79  15:49  Pylon  
  79  15:52  Sentry  
  81  16:03  Phoenix  
  83  16:16  Immortal  
  87  16:26  Templar Archives  
  87  16:50  Adept  
  75  17:01  Adept  
  77  17:12  Adept  
  58  17:23  Adept  
  57  17:34  Sentry  
  48  18:05  Nexus  
  48  18:09  Pylon  
  48  18:12  Pylon  
  48  18:18  Pylon  
  48  18:36  Forge  
  48  18:38  Gateway  
  48  18:39  Pylon  
  48  18:41  Gateway  
  48  19:02  Pylon  
  48  19:19  Forge  
  27  19:28  Pylon  
  18  19:45  Probe (Chrono Boost)  
  8  19:46  Pylon  
  6  20:13  Assimilator  
Show
View Real Time Build Order
Export as new Build Order

RANURA DE IA (Fácil) Zerg 

Build Orders: Pool First 

Get SALT Encoding   

  12  0:01  Drone  
  13  0:12  Overlord  
  13  0:17  Drone  
  14  0:30  Drone  
  14  0:35  Drone  
  16  0:44  Spawning Pool  
  16  0:45  Extractor  
  16  0:47  Drone  
  15  0:51  Drone  
  16  0:59  Overlord  
  16  1:31  Zergling x2, Queen  
  19  1:33  Roach Warren  
  19  1:35  Extractor, Drone  
  18  1:41  Drone  
  18  1:45  Zergling x2  
  20  2:04  Overlord  
  20  2:14  Roach  
  22  2:17  Drone  
  23  2:24  Drone  
  24  2:35  Drone  
  25  2:38  Roach  
  25  2:39  Drone  
  25  2:44  Drone  
  29  2:48  Drone  
  30  2:57  Overlord  
  30  3:10  Roach  
  32  4:17  Zergling x2  
  32  5:32  Lair  
  32  5:33  Zergling x2, Overlord, Drone  
  34  5:37  Drone  
  34  5:41  Drone  
  36  5:46  Drone  
  36  5:47  Zergling x2  
  38  5:57  Hatchery  
  37  6:22  Zergling x2  
  36  6:30  Overseer x2  
  30  6:34  Drone, Spire  
  30  6:35  Zergling x2  
  31  7:10  Drone  
  31  7:14  Drone  
  33  7:19  Drone  
  34  7:23  Drone  
  34  7:27  Drone  
  36  7:31  Drone  
  36  7:35  Extractor, Hatchery  
  36  7:36  Drone  
  36  7:37  Extractor  
  35  7:40  Drone  
  36  7:45  Drone  
  36  7:48  Mutalisk  
  36  7:49  Drone  
  40  7:53  Drone  
  40  7:57  Drone  
  42  8:01  Mutalisk  
  42  8:02  Drone  
  45  8:06  Drone  
  45  8:10  Drone  
  47  8:15  Mutalisk, Drone  
  47  8:19  Drone  
  51  8:23  Drone  
  52  8:27  Drone  
  52  8:29  Overlord  
  52  8:32  Drone  
  54  8:36  Drone  
  54  8:40  Drone  
  56  8:45  Drone  
  57  8:49  Drone  
  57  8:53  Drone  
  59  8:56  Extractor  
  59  8:57  Extractor  
  59  8:58  Drone  
  59  9:02  Drone  
  59  9:06  Drone  
  60  9:11  Drone  
  60  9:15  Drone  
  62  10:10  Pneumatized Carapace, Overlord, Overseer, Roach  
  62  10:12  Evolution Chamber, Drone  
  64  10:25  Hydralisk Den  
  64  10:26  Drone  
  64  10:41  Zerg Melee Weapons Level 1  
  64  10:42  Zergling x2  
  55  10:53  Overseer  
  55  10:55  Hydralisk  
  57  10:58  Overlord  
  57  11:08  Hydralisk  
  59  11:21  Hydralisk  
  61  12:25  Ravager  
  61  12:26  Roach  
  64  12:35  Zerg Missile Weapons Level 1  
  64  12:53  Roach, Ravager  
  67  13:00  Overlord, Overseer  
  67  14:00  Overlord  
  67  14:01  Zerg Flyer Weapons Level 1  
  67  14:04  Infestation Pit  
  66  14:19  Overlord, Drone  
  67  14:26  Zergling x2  
  67  14:28  Overseer  
  67  14:30  Zerg Ground Armor Level 1  
  60  14:31  Overseer  
  60  14:32  Hatchery  
  52  14:39  Overlord  
  52  14:41  Hive, Hydralisk  
  54  14:59  Overlord  
  54  15:17  Overlord  
  54  15:35  Overlord, Hydralisk  
  56  15:46  Drone  
  57  15:55  Zerg Flyer Armor Level 1  
  57  15:56  Extractor  
  56  15:57  Drone  
  56  16:02  Ultralisk Cavern  
  56  16:03  Extractor, Drone  
  56  16:04  Overlord, Overseer  
  56  16:07  Drone  
  57  16:52  Ultralisk  
  63  17:06  Ultralisk  
  69  17:13  Overlord  
  69  17:20  Hydralisk  
  71  17:23  Overseer  
  71  17:33  Overlord  
  71  17:35  Zergling x2  
  70  17:40  Drone  
  68  17:50  Roach  
  70  17:52  Overlord  
  55  17:59  Hatchery  
  55  18:03  Overseer, Hydralisk  
  54  18:09  Overseer  
  54  18:12  Overlord  
  52  18:24  Overlord x2  
  50  18:32  Overlord  
  48  18:34  Overlord  
  48  18:37  Overlord  
  48  18:40  Spawning Pool  
  46  18:45  Evolution Chamber  
  33  18:56  Overlord  
  33  19:01  Drone  
  34  19:08  Drone  
  35  19:12  Drone  
  35  19:17  Drone  
  37  19:21  Hatchery, Drone  
  37  19:25  Drone  
  37  19:27  Zergling x2, Extractor, Queen  
  37  19:30  Drone  
  41  19:32  Roach Warren  
  41  19:34  Extractor, Drone  
  40  19:38  Drone  
  40  19:43  Drone  
  42  19:47  Drone  
  42  19:49  Overlord  
  42  19:52  Drone  
  44  19:53  Extractor  
  44  19:56  Drone  
  44  20:00  Drone  
  44  20:03  Zergling x2  
  44  20:05  Drone  
  47  20:13  Extractor, Drone  
  46  20:17  Zergling x2  
  37  20:22  Drone  
  37  20:24  Queen  
  37  20:26  Drone  
  39  20:32  Zergling x2  
  39  20:33  Drone  
  35  20:36  Overlord  
  35  20:38  Overlord, Drone  
  20  20:55  Drone  
  19  20:57  Overlord x2  
  19  20:59  Hatchery  
  7  21:13  Evolution Chamber, Drone  
Tags
 
Add a new tag
Caveats
  • Supply blocks, unpowered buildings, or Contaminate may cause inaccurate times.
  • Supply counts are checked every 10 seconds.